[Event "ICC tourney 1954 (60 10)"]
[Site "Internet Chess Club"]
[Date "2020.08.08"]
[Round "5"]
[White "stepke"]
[Black "glassviper"]
[Result "1-0"]
[ICCResult "Black resigns"]
[WhiteElo "1324"]
[BlackElo "930"]
[Opening "Dutch with c4 & Nc3"]
[ECO "A85"]
[NIC "HD.05"]
[Time "15:17:12"]
[TimeControl "3600+10"]

1. d4 f5 2. c4 Nf6 3. Nc3 e6 4. Nf3 Be7 5. Bg5 O-O 6. e3 c6 7. Bd3 d5 8. O-O
h6 9. Bf4 Ne4 10. Ne5 Nd7 11. cxd5 exd5 12. f3 Nd6 13. Ng6 Rf6 14. Ne5 Qf8
15. Qb3 Bd8 16. Nxd7 Bxd7 17. Bxd6 Qxd6 18. e4 Bb6 19. exd5 Bxd4+ 20. Kh1
Kh8 21. dxc6 Bxc6 22. Nb5 Qf4 23. Nxd4 Qxd4 24. Bb5 Bd5 25. Qc2 Qh4 26. b3
Raf8 27. Rad1 Bg8 28. Rd7 a6 29. Bd3 b5 30. Qc7 R6f7 31. Rxf7 Rxf7 32. Qc8
g5 33. Bxf5 Qf4 34. Qc3+ Rg7 35. Be4 g4 36. g3 Qf7 37. f4 Qe7 38. Re1 Bd5
39. Bxd5 {Black resigns} 1-0

[Event "ICC tourney 1954 (60 10)"]
[Site "Internet Chess Club"]
[Date "2020.08.08"]
[Round "5"]
[White "EW2006"]
[Black "kd9junior"]
[Result "1/2-1/2"]
[ICCResult "Black stalemated"]
[WhiteElo "1065"]
[BlackElo "1266"]
[Opening "Sicilian: Canal-Sokolsky attack, 3...Bd7"]
[ECO "B52"]
[NIC "SI.01"]
[Time "15:16:42"]
[TimeControl "3600+10"]

1. e4 c5 2. Nf3 d6 3. Bb5+ Bd7 4. Bxd7+ Qxd7 5. O-O Nc6 6. d4 cxd4 7. Nxd4
Nf6 8. Nc3 e6 9. Nxc6 Qxc6 10. Qe2 a6 11. f3 Be7 12. Rd1 O-O 13. Be3 b5 14.
a3 Rac8 15. Rd2 d5 16. exd5 Nxd5 17. Nxd5 exd5 18. Qd3 Rfd8 19. c3 Bc5 20.
Bxc5 Qxc5+ 21. Qd4 Qxd4+ 22. Rxd4 Rc4 23. Rad1 Rxd4 24. Rxd4 Rd6 25. Kf2 f6
26. a4 Kf7 27. axb5 axb5 28. Rb4 Rb6 29. Ke3 Ke6 30. Kd4 Kd6 31. Rb3 Rb7 32.
Ra3 Rb6 33. Ra7 b4 34. Rxg7 bxc3 35. bxc3 h5 36. Rg6 Ke6 37. h3 Rb2 38. Kd3
Kf5 39. Rg8 Kf4 40. Kd4 Rd2+ 41. Kc5 f5 42. g4 fxg4 43. fxg4 h4 44. Rh8 Kg3
45. g5 Kxh3 46. g6 Rg2 47. Rh6 Rg5 48. g7 Rxg7 49. Kxd5 Rg5+ 50. Kd4 Ra5 51.
c4 Ra4 52. Kd5 Ra5+ 53. c5 Kg3 54. Rg6+ Kh3 55. Kd6 Kh2 56. c6 Ra6 57. Kd7
Ra8 58. c7 Ra7 59. Kd8 Rxc7 60. Kxc7 h3 61. Kd6 Kh1 62. Rh6 h2 63. Ke5 Kg2
64. Rg6+ Kh1 65. Kf4 {Black stalemated} 1/2-1/2

[Event "ICC tourney 1954 (60 10)"]
[Site "Internet Chess Club"]
[Date "2020.08.08"]
[Round "5"]
[White "aec7r3b"]
[Black "meahulm"]
[Result "1-0"]
[ICCResult "Black checkmated"]
[WhiteElo "1347"]
[BlackElo "976"]
[Opening "Ruy Lopez: Berlin defense, 4.O-O, d6"]
[ECO "C66"]
[NIC "RL.07"]
[Time "15:17:16"]
[TimeControl "3600+10"]

1. e4 e5 2. Nf3 Nc6 3. Bb5 Nf6 4. O-O d6 5. Re1 Be7 6. c3 O-O 7. h3 a6 8.
Ba4 Be6 9. d4 exd4 10. cxd4 d5 11. exd5 Nxd5 12. Nc3 Bb4 13. Bd2 h6 14. a3
Be7 15. Nxd5 Bxd5 16. Bc3 Bf6 17. Ne5 Nxe5 18. dxe5 Be7 19. Bc2 Be6 20. Qf3
Qd5 21. Be4 Qd7 22. Bxb7 Rab8 23. Bxa6 Bd5 24. Rad1 c6 25. Qg3 f6 26. Bc4
fxe5 27. Bxd5+ cxd5 28. Bxe5 Rbc8 29. Qxg7# {Black checkmated} 1-0

[Event "ICC tourney 1954 (60 10)"]
[Site "Internet Chess Club"]
[Date "2020.08.08"]
[Round "5"]
[White "Diyor"]
[Black "MathWizKidA"]
[Result "1-0"]
[ICCResult "Black checkmated"]
[WhiteElo "1149"]
[BlackElo "1317"]
[Opening "Sicilian defense"]
[ECO "B40"]
[NIC "SI.43"]
[Time "15:16:34"]
[TimeControl "3600+10"]

1. e4 c5 2. Nf3 e6 3. c3 d5 4. exd5 exd5 5. d4 cxd4 6. cxd4 Nf6 7. Bb5+ Nc6
8. O-O Be7 9. Bxc6+ bxc6 10. Ne5 Qc7 11. Nf3 Bg4 12. Nc3 O-O 13. h3 Bh5 14.
Qd3 Rfe8 15. Bg5 Bxf3 16. Qxf3 Qb6 17. Rfd1 Qxb2 18. Rab1 Qc2 19. Rdc1 Qg6
20. Bxf6 Bxf6 21. Rd1 Rab8 22. Rxb8 Rxb8 23. Qf4 Rb2 24. Re1 h6 25. Re8+ Kh7
26. Ra8 Rc2 27. Qe3 Bg5 28. Qg3 Qf6 29. Qd3+ Qg6 30. Qg3 Rc1+ 31. Kh2 Qf6
32. Ne2 Rd1 33. f4 Bh4 34. Qg4 Qe7 35. Qf5+ g6 36. Qe5 Qxe5 37. dxe5 Bf2 38.
Rc8 Rd2 39. Ng3 Bxg3+ 40. Kxg3 Rxa2 41. Rxc6 d4 42. Rd6 Ra3+ 43. Kf2 d3 44.
Ke3 a5 45. Rxd3 Rxd3+ 46. Kxd3 g5 47. f5 Kg7 48. Kc3 Kf8 49. Kb3 Ke7 50. Ka4
Kd7 51. Kxa5 Kc6 52. e6 Kd6 53. exf7 Ke7 54. Kb5 Kxf7 55. Kc5 Kf6 56. g4 Ke5
57. Kc6 Kf6 58. Kd5 Ke7 59. Ke5 Kf7 60. f6 Kf8 61. Ke6 Kg8 62. Ke7 h5 63.
f7+ Kh7 64. f8=Q hxg4 65. hxg4 Kg6 66. Qf6+ Kh7 67. Qxg5 Kh8 68. Kf7 Kh7 69.
Qg7# {Black checkmated} 1-0

[Event "ICC tourney 1954 (60 10)"]
[Site "Internet Chess Club"]
[Date "2020.08.08"]
[Round "5"]
[White "nonowho"]
[Black "stephenwilly"]
[Result "0-1"]
[ICCResult "White resigns"]
[WhiteElo "1269"]
[BlackElo "1144"]
[Opening "QGD Slav: 4.Nc3"]
[ECO "D15"]
[NIC "SL.03"]
[Time "15:16:44"]
[TimeControl "3600+10"]

1. d4 d5 2. c4 c6 3. Nc3 Nf6 4. Nf3 Bf5 5. Bg5 e6 6. e3 Nbd7 7. Bd3 Bxd3 8.
Qxd3 Bd6 9. O-O O-O 10. Rac1 e5 11. cxd5 cxd5 12. Qb5 e4 13. Nd2 h6 14. Bxf6
Nxf6 15. Kh1 Ng4 16. g3 Qg5 17. Qxd5 Qg6 18. Qxe4 Qh5 19. Qg2 Rfe8 20. Rfe1
Re6 21. Nf1 Rae8 22. Kg1 Rg6 23. Ne2 Rf6 24. Nf4 Qf5 25. h3 Nxf2 26. Kxf2 g5
27. e4 Qb5 28. e5 Qxb2+ 29. Kg1 Qxd4+ 30. Qf2 Bxe5 31. Kg2 Qxf2+ 32. Kxf2
gxf4 33. Kg2 fxg3 34. Rc2 h5 35. Rce2 Rf2+ 36. Rxf2 gxf2 37. Kxf2 Bd4+ 38.
Ne3 f5 39. Kf3 Kf7 {White resigns} 0-1

[Event "ICC tourney 1954 (60 10)"]
[Site "Internet Chess Club"]
[Date "2020.08.08"]
[Round "5"]
[White "Knighthhhh"]
[Black "thanhcaptures"]
[Result "0-1"]
[ICCResult "White checkmated"]
[WhiteElo "640"]
[BlackElo "1167"]
[Opening "QGD semi-Slav"]
[ECO "D43"]
[NIC "SL.03"]
[Time "15:17:13"]
[TimeControl "3600+10"]

1. d4 d5 2. c4 c6 3. Nf3 Nf6 4. Nc3 e6 5. Bf4 Bb4 6. Qc2 O-O 7. e3 Ne4 8. a3
Bxc3+ 9. bxc3 Qa5 10. Nd2 Qxc3 11. Qxc3 Nxc3 12. Rc1 Na4 13. c5 b5 14. g3
Re8 15. Bg2 Ba6 16. O-O Nd7 17. e4 Rac8 18. Bd6 Nf6 19. e5 Nd7 20. f4 g6 21.
g4 f5 22. gxf5 exf5 23. Rf3 Re6 24. Rg3 h5 25. Bf3 Kh7 26. Be2 Nf8 27. Nf3
Ree8 28. Ng5+ Kg8 29. Nf3 Kg7 30. Nh4 Kh7 31. Rb1 Re6 32. Rbb3 Nd7 33. Rg5
Rg8 34. Rbg3 Kh8 35. Nxg6+ Kh7 36. Nf8+ Rxf8 37. Bxf8 Nxf8 38. Rxh5+ Rh6 39.
Rgh3 Rxh5 40. Rxh5+ Kg6 41. Rg5+ Kh7 42. Bd3 Bc8 43. Bxf5+ Bxf5 44. Rxf5 Ne6
45. Rf7+ Kg6 46. Rf6+ Kg7 47. Rxe6 Nc3 48. Re7+ Kf8 49. Rxa7 Ne2+ 50. Kf2
Nxf4 51. Kf3 Ne6 52. Ke3 Ke8 53. h4 Kf8 54. Ra6 Ng7 55. Kf3 Nf5 56. h5 Kg7
57. Kf4 Nxd4 58. Ke3 Nf5+ 59. Kd3 Ne7 60. Ra7 Kf8 61. h6 Ng6 62. Kd4 Nf4 63.
h7 Ng6 64. Rg7 Kxg7 65. h8=Q+ Kxh8 66. e6 Kg8 67. Kd3 Kf8 68. Kd4 Ke7 69.
Kd3 Kxe6 70. Kd4 Nf4 71. Ke3 Ke5 72. Kf3 d4 73. Kf2 Nd3+ 74. Ke2 Nxc5 75.
Kd2 d3 76. Kd1 Ke4 77. Kd2 Kd4 78. a4 bxa4 79. Kd1 Kc3 80. Kc1 d2+ 81. Kd1
a3 82. Ke2 a2 83. Kd1 a1=Q+ 84. Ke2 d1=Q+ 85. Kf2 Qd3 86. Kg2 Qe3 87. Kh2
Qag1# {White checkmated} 0-1

[Event "ICC tourney 1954 (60 10)"]
[Site "Internet Chess Club"]
[Date "2020.08.08"]
[Round "5"]
[White "Vidipkona"]
[Black "shravanr"]
[Result "0-1"]
[ICCResult "White resigns"]
[WhiteElo "1253"]
[BlackElo "1426"]
[Opening "Ruy Lopez: Möller defense"]
[ECO "C70"]
[NIC "RL.09"]
[Time "15:17:46"]
[TimeControl "3600+10"]

1. e4 e5 2. Nf3 Nc6 3. Bb5 a6 4. Ba4 Bc5 5. O-O Nf6 6. d3 O-O 7. Bxc6 dxc6
8. Nxe5 Bd6 9. Nf3 Re8 10. h3 h6 11. Re1 Be7 12. Nc3 b5 13. Be3 Bd6 14. Bd2
Nd7 15. d4 Bb4 16. Nb1 Bxd2 17. Nbxd2 c5 18. c3 cxd4 19. cxd4 Bb7 20. Rc1
Rc8 21. b4 Nf6 22. Qc2 Qe7 23. e5 Nd5 24. a3 Nf4 25. Rcd1 Qe6 26. Kh2 Qg6
27. Qxg6 Nxg6 28. Nb3 Bxf3 29. gxf3 Nf4 30. Re4 g5 31. Nc5 Rcd8 32. Rc1 Re7
33. Rd1 Kf8 34. Nd3 Ng6 35. Nb2 Red7 36. Rd2 Nf4 37. Nd1 Nd5 38. Ne3 Nc3 39.
Rg4 Nd5 40. Nxd5 Rxd5 41. Re4 c5 42. dxc5 Rxd2 43. Kg3 R8d3 44. e6 Rxa3 45.
exf7 Kxf7 46. Re1 Rdd3 47. Rc1 Rxf3+ 48. Kg2 Rxh3 49. c6 Rhc3 {White
resigns} 0-1

[Event "ICC tourney 1954 (60 10)"]
[Site "Internet Chess Club"]
[Date "2020.08.08"]
[Round "5"]
[White "mihirppatil04"]
[Black "Austin513"]
[Result "1/2-1/2"]
[ICCResult "Game drawn by mutual agreement"]
[WhiteElo "1244"]
[BlackElo "1108"]
[Opening "Queen's pawn: London system"]
[ECO "A45"]
[NIC "QP.05"]
[Time "15:16:51"]
[TimeControl "3600+10"]

1. d4 Nf6 2. Bf4 e6 3. Nf3 Nc6 4. Nc3 Bb4 5. e3 Nd5 6. Qd3 Bxc3+ 7. bxc3
Nxf4 8. exf4 O-O 9. Be2 d6 10. Rd1 h6 11. O-O Qf6 12. g3 Bd7 13. Rfe1 Rad8
14. Bf1 Rfe8 15. Bh3 Ne7 16. c4 Bc6 17. Bg2 Qg6 18. Qb3 b6 19. Nh4 Qf6 20.
Bxc6 Nxc6 21. d5 Na5 22. Qa4 Qc3 23. Re4 e5 24. Rde1 g6 25. Kg2 f5 26. R4e3
Qxc4 27. Qxc4 Nxc4 28. Rc3 b5 29. a4 a6 30. axb5 axb5 31. Nxg6 Kf7 32. Nh4
exf4 33. Rxe8 Rxe8 34. Nxf5 fxg3 35. hxg3 Re5 36. Nd4 Rxd5 37. Nxb5 Rxb5 38.
Rxc4 c5 39. Rh4 Kg6 40. c4 Rb3 41. Re4 Kf5 42. f3 h5
{Game drawn by mutual agreement}
1/2-1/2

[Event "ICC tourney 1954 (60 10)"]
[Site "Internet Chess Club"]
[Date "2020.08.08"]
[Round "5"]
[White "vaav"]
[Black "thegoldenfrog"]
[Result "0-1"]
[ICCResult "White checkmated"]
[WhiteElo "1154"]
[BlackElo "1341"]
[Opening "Nimzo-Indian: classical, 4...c5"]
[ECO "E38"]
[NIC "NI.22"]
[Time "15:17:13"]
[TimeControl "3600+10"]

1. d4 Nf6 2. c4 e6 3. Nc3 Bb4 4. Qc2 c5 5. e3 O-O 6. a3 Bxc3+ 7. Qxc3 d5 8.
dxc5 Ne4 9. Qc2 Qa5+ 10. b4 Qc7 11. Bd3 b6 12. cxb6 axb6 13. Nf3 Nd7 14.
Bxe4 dxe4 15. Qxe4 Bb7 16. Qg4 Ne5 17. Nxe5 Qxe5 18. Rb1 Qc3+ 19. Bd2 Qd3
20. Rd1 Rxa3 21. Bc1 Qc3+ 22. Kf1 Ra1 23. Bd2 Rxd1+ 24. Qxd1 Qxc4+ 25. Kg1
Rd8 26. Qe1 Qc2 27. h3 Qxd2 28. Kh2 Qxe1 29. Rxe1 Rd2 30. Rc1 Kf8 31. Rc7
Be4 32. Rc8+ Ke7 33. Rc7+ Kf6 34. Rc4 Bd5 35. Rc8 Rb2 36. e4 Ba2 37. Rh8 h6
38. Re8 Rxb4 39. Ra8 Bb1 40. f3 Rb3 41. Rg8 g6 42. h4 h5 43. Kg3 Bxe4 44.
Kf4 Bd5 45. Rc8 Rb2 46. g4 hxg4 47. fxg4 Rb4+ 48. Kg3 Rb3+ 49. Kf2 b5 50.
g5+ Kf5 51. Rf8 e5 52. Rg8 Kg4 53. Rh8 Rh3 54. Rc8 Bc4 55. Re8 Kf4 56. Rd8
Rh2+ 57. Ke1 Rxh4 58. Rd2 Rh1+ 59. Kf2 Rh2+ 60. Ke1 Rxd2 61. Kxd2 Kxg5 62.
Ke3 Kf5 63. Kd2 Kf4 64. Kc3 Kf3 65. Kb4 e4 66. Kc3 Kf2 67. Kd4 e3 68. Ke4 e2
69. Kf4 e1=Q 70. Kg4 Qe3 71. Kh4 Qg3# {White checkmated} 0-1

[Event "ICC tourney 1954 (60 10)"]
[Site "Internet Chess Club"]
[Date "2020.08.08"]
[Round "5"]
[White "AlexR2007"]
[Black "Alec-hine"]
[Result "1-0"]
[ICCResult "Black resigns"]
[WhiteElo "955"]
[BlackElo "1341"]
[Opening "French: Tarrasch, open variation"]
[ECO "C07"]
[NIC "FR.18"]
[Time "15:17:06"]
[TimeControl "3600+10"]

1. e4 e6 2. d4 d5 3. Nd2 c5 4. Ngf3 Nc6 5. c3 cxd4 6. cxd4 dxe4 7. Nxe4 Bb4+
8. Bd2 Bxd2+ 9. Qxd2 Nf6 10. Nxf6+ Qxf6 11. Bb5 Bd7 12. O-O a6 13. Bxc6 Bxc6
14. Ne5 Bd5 15. f3 O-O 16. Nd7 Qd8 17. Nxf8 Qxf8 18. a3 Qd6 19. Rac1 Rd8 20.
b4 b5 21. Rc5 Bc4 22. Rd1 h6 23. Qe3 Qb6 24. Qe4 Bd5 25. Qe5 Qd6 26. Qxd6
Rxd6 27. Rdc1 Bc4 28. Rd1 g6 29. h4 h5 30. Kf2 Kg7 31. Ke3 a5 32. bxa5 Ra6
33. a4 Bb3 34. axb5 Rxa5 35. Rb1 Bd5 36. b6 Ra8 37. b7 Rb8 38. Rc7 Kf6 39.
Kf4 Kg7 40. Ke5 {Black resigns} 1-0

[Event "ICC tourney 1954 (60 10)"]
[Site "Internet Chess Club"]
[Date "2020.08.08"]
[Round "5"]
[White "CheckMate33"]
[Black "wulovechess"]
[Result "1-0"]
[ICCResult "Black resigns"]
[WhiteElo "1334"]
[BlackElo "1045"]
[Opening "Ruy Lopez: Möller defense"]
[ECO "C78"]
[NIC "RL.12"]
[Time "15:17:41"]
[TimeControl "3600+10"]

1. e4 e5 2. Nf3 Nc6 3. Bb5 a6 4. Ba4 Nf6 5. O-O Bc5 6. Nxe5 Nxe5 7. d4 Nxe4
8. Re1 f5 9. f3 Bb6 10. fxe4 Qh4 11. exf5 Qxd4+ 12. Qxd4 Bxd4+ 13. Kh1 O-O
14. c3 Nd3 15. Bb3+ Kh8 16. Re7 Bf6 17. Re3 Nxc1 18. Na3 Nxb3 19. axb3 d5
20. g4 Bg5 21. Re2 g6 22. Rae1 gxf5 23. gxf5 Bxf5 24. Re5 Bd2 25. R1e2 Be4+
26. Kg1 Rg8+ 27. Kf1 Raf8+ 28. Rf2 Bd3+ 29. Re2 Be3 30. Rxf8 Rxf8+ 31. Ke1
Bf2+ 32. Rxf2 Rxf2 33. Kxf2 c5 34. Ke3 c4 35. bxc4 dxc4 36. Kd4 Kg7 37. Nxc4
Bxc4 38. Kxc4 Kg6 39. Kc5 Kg5 40. Kb6 Kf4 41. Kxb7 Ke3 42. Kxa6 Kd3 43. b4
Kc4 44. b5 Kc5 45. b6 Kc6 46. b7 Kc7 47. Ka7 {Black resigns} 1-0

[Event "ICC tourney 1954 (60 10)"]
[Site "Internet Chess Club"]
[Date "2020.08.08"]
[Round "5"]
[White "nathanarnold12"]
[Black "Jaguarking"]
[Result "1-0"]
[ICCResult "Black checkmated"]
[WhiteElo "1376"]
[BlackElo "1130"]
[Opening "Sicilian: Hungarian variation"]
[ECO "B34"]
[NIC "SI.43"]
[Time "15:26:17"]
[TimeControl "3600+10"]

1. e4 c5 2. Nf3 g6 3. d4 cxd4 4. Nxd4 Bg7 5. Nc3 Nc6 6. Be3 d6 7. Qd2 Nf6 8.
f3 d5 9. exd5 Nxd5 10. Bb5 O-O 11. Nxc6 bxc6 12. Bxc6 Rb8 13. Bxd5 Rxb2 14.
O-O-O Rb4 15. Bxf7+ Kxf7 16. Qxd8 Rxd8 17. Rxd8 Be6 18. Ne4 Bxa2 19. Kd2 Ra4
20. Ng5+ Kf6 21. Bd4+ Rxd4+ 22. Rxd4 Kxg5 23. Ra4 Bf7 24. Rxa7 Kf6 25. f4
Bh6 26. g3 e5 27. Ke3 exf4+ 28. gxf4 Bf8 29. Rxf7+ Kxf7 30. Ke4 Bb4 31. c4
Bc5 32. f5 gxf5+ 33. Kxf5 Bd4 34. Rd1 Bc3 35. c5 Bb4 36. c6 Be7 37. c7 Ke8
38. c8=Q+ Bd8 39. Qxd8+ Kf7 40. Rd7# {Black checkmated} 1-0

[Event "ICC tourney 1954 (60 10)"]
[Site "Internet Chess Club"]
[Date "2020.08.08"]
[Round "5"]
[White "Cougar2020"]
[Black "ABecker755"]
[Result "0-1"]
[ICCResult "White checkmated"]
[WhiteElo "1146"]
[BlackElo "1381"]
[Opening "French: advance, Paulsen attack"]
[ECO "C02"]
[NIC "FR.03"]
[Time "15:17:27"]
[TimeControl "3600+10"]

1. e4 e6 2. d4 d5 3. e5 c5 4. c3 Nc6 5. Nf3 Qb6 6. a3 Nge7 7. Bd3 Bd7 8. Bc2
Nf5 9. Bxf5 exf5 10. O-O Be7 11. b4 cxd4 12. cxd4 Be6 13. Nc3 a6 14. h3 Rc8
15. Na4 Qb5 16. Nc5 b6 17. Nxe6 fxe6 18. Ng5 Bxg5 19. Bxg5 O-O 20. Qd2 Nd8
21. Rfc1 Nf7 22. Rxc8 Rxc8 23. Rc1 Rxc1+ 24. Qxc1 Qc4 25. Qxc4 dxc4 26. Bd2
b5 27. Kf1 Nd8 28. Ke2 Nc6 29. Bc3 Kf7 30. f4 h6 31. g4 fxg4 32. hxg4 Kg6
33. Ke3 h5 34. gxh5+ Kxh5 35. Ke4 Ne7 36. Ke3 Nd5+ 37. Kd2 Kg4 38. f5 Kxf5
39. Kc2 Nxc3 40. Kxc3 Ke4 41. a4 g5 42. axb5 axb5 43. Kb2 g4 44. d5 Kxd5 45.
Kc3 Kxe5 46. Kd2 g3 47. Ke2 c3 48. Kf3 c2 49. Ke2 c1=Q 50. Kd3 Qa3+ 51. Ke2
Ke4 52. Kf1 Qb2 53. Kg1 Qf2+ 54. Kh1 Qh2# {White checkmated} 0-1

[Event "ICC tourney 1954 (60 10)"]
[Site "Internet Chess Club"]
[Date "2020.08.08"]
[Round "5"]
[White "karmapillai"]
[Black "SonicTrist"]
[Result "0-1"]
[ICCResult "White checkmated"]
[WhiteElo "1069"]
[BlackElo "1385"]
[Opening "Pirc: classical (two knights) system"]
[ECO "B08"]
[NIC "PU.10"]
[Time "15:16:52"]
[TimeControl "3600+10"]

1. e4 d6 2. d4 Nf6 3. Nc3 g6 4. Nf3 Bg7 5. Be3 O-O 6. Bd3 c6 7. O-O Nbd7 8.
Re1 Qc7 9. a3 c5 10. d5 a6 11. Qd2 c4 12. Bf1 b5 13. Bd4 Nc5 14. g3 Bg4 15.
Bg2 Rab8 16. Qc1 Bxf3 17. Bxf3 Nfd7 18. Be3 Ne5 19. Bg2 a5 20. Bf4 b4 21.
axb4 axb4 22. Nd1 b3 23. Bxe5 Bxe5 24. Bf1 bxc2 25. Qxc2 Nb3 26. Ra3 Nd4 27.
Qc1 Rfc8 28. Rc3 Nb3 29. Qc2 Bxc3 30. Qxc3 Qa5 31. Qxa5 Nxa5 32. Re3 Rb3 33.
Re2 Nb7 34. Rc2 Rb4 35. Ne3 Na5 36. Kg2 Kg7 37. Kh3 Kf6 38. f4 h5 39. Kh4 e6
40. h3 Kg7 41. g4 hxg4 42. hxg4 e5 43. f5 Rb3 44. Rc3 Rxc3 45. bxc3 Rh8+ 46.
Kg3 g5 47. Bxc4 Rc8 48. Be2 Rxc3 49. Kf3 f6 50. Kf2 Rb3 51. Kf3 Nb7 52. Kf2
Rb4 53. Kf3 Nc5 54. Bc4 Nb3 55. Ke2 Na5 56. Bd3 Nb3 57. Kf3 Nd2+ 58. Kf2
Nxe4+ 59. Bxe4 Rxe4 60. Kf3 Ra4 61. Kg3 Ra3 62. Kf3 Kf7 63. Kf2 Rxe3 64.
Kxe3 Ke7 65. Ke4 Kd7 66. Kd3 Kc7 67. Kc4 Kb6 68. Kb4 e4 69. Kc3 Kc5 70. Kd2
Kxd5 71. Ke3 Ke5 72. Kd2 d5 73. Ke3 d4+ 74. Ke2 Kf4 75. Kf2 d3 76. Ke1 e3
77. Kd1 Kf3 78. Kc1 Kf2 79. Kb2 d2 80. Kc3 d1=Q 81. Kc4 e2 82. Kc5 e1=Q 83.
Kc4 Qe4+ 84. Kc5 Qdd4+ 85. Kb5 Qee5+ 86. Kc6 Qdd6+ 87. Kb7 Qee7+ 88. Kc8
Qdd8# {White checkmated} 0-1

[Event "ICC tourney 1954 (60 10)"]
[Site "Internet Chess Club"]
[Date "2020.08.08"]
[Round "5"]
[White "Twinkletoesss"]
[Black "wonderwoman"]
[Result "1-0"]
[ICCResult "Black resigns"]
[WhiteElo "212"]
[BlackElo "1306"]
[Opening "Sicilian defense"]
[ECO "B30"]
[NIC "SI.31"]
[Time "15:17:20"]
[TimeControl "3600+10"]

1. e4 c5 2. Nf3 Nc6 3. Nc3 g6 4. g3 Bg7 5. d3 e6 6. Qe2 Nf6 7. e5 Ng4 8. Bf4
Qb6 9. Rb1 Nd4 10. Nxd4 cxd4 11. Nd1 h5 12. h3 Nh6 13. Bg2 Nf5 14. O-O O-O
15. Bd2 d6 16. Bf4 Bd7 17. b3 Bc6 18. Nb2 Bxg2 19. Kxg2 Qc6+ 20. Kg1 Rad8
21. Nc4 d5 22. Nd6 f6 23. Nxf5 exf5 24. Rbc1 Rde8 25. e6 Rxe6 26. Qf3 Kf7
27. g4 fxg4 28. hxg4 hxg4 29. Qxg4 Rh8 30. Bg3 f5 31. Qf3 Be5 32. Bxe5 Rxe5
33. Rfe1 Qf6 34. Qf4 Rh4 35. Qxe5 Qg5+ 36. Kf1 Rh1+ 37. Ke2 Qg4+ 38. Kd2
Qg5+ 39. Kd1 Qg4+ 40. Qe2 Rxe1+ 41. Kxe1 Qg5 42. Rd1 Qg1+ 43. Qf1 Qg5 44.
Rd2 Qe7+ 45. Re2 Qb4+ 46. Kd1 Qc3 47. Rd2 Qa1+ 48. Ke2 Qxa2 49. Qh3 Qa3 50.
Qh7+ Kf6 51. Qxb7 Qf8 52. Qxd5 Qe8+ 53. Kd1 g5 54. Qxd4+ Kg6 55. Re2 Qa8 56.
Re6+ Kh5 57. Qe3 Qh1+ 58. Kd2 f4 59. Qxa7 Kg4 60. Qd7 Qg2 61. Rh6+ Kf3 62.
Qd5+ Kxf2 63. Qxg2+ Kxg2 64. Rg6 f3 65. Rxg5+ Kf2 66. b4 Kf1 67. Ke3 f2 68.
Rf5 Ke1 69. Rxf2 Kd1 70. c4 {Black resigns} 1-0

[Event "ICC tourney 1954 (60 10)"]
[Site "Internet Chess Club"]
[Date "2020.08.08"]
[Round "5"]
[White "chakwo456"]
[Black "ChemStud24"]
[Result "0-1"]
[ICCResult "White checkmated"]
[WhiteElo "1093"]
[BlackElo "1361"]
[Opening "Sicilian"]
[ECO "B50"]
[NIC "SI.01"]
[Time "15:17:22"]
[TimeControl "3600+10"]

1. e4 c5 2. Nf3 d6 3. c3 Nf6 4. e5 dxe5 5. Nxe5 Nbd7 6. Bb5 a6 7. Bxd7+ Bxd7
8. Qb3 Be6 9. Qxb7 Bd5 10. Nc6 Qc8 11. Qxc8+ Rxc8 12. Ne5 Bxg2 13. Rg1 Bb7
14. d4 cxd4 15. Bf4 Nd5 16. Bd2 f6 17. Nf3 dxc3 18. Nxc3 Nxc3 19. Bxc3 Bxf3
20. Rg3 Bd5 21. Rd3 Bf7 22. Rad1 e5 23. a3 Be7 24. Rd7 Bc5 25. b4 Bb6 26.
R7d6 Rxc3 27. Rxb6 O-O 28. Rxa6 Rfc8 29. Rad6 Kf8 30. Rd8+ Rxd8 31. Rxd8+
Be8 32. Ra8 Rb3 33. Kd2 Rb2+ 34. Ke3 Kf7 35. Ra5 Kg6 36. Rd5 Rb3+ 37. Rd3
Rxd3+ 38. Kxd3 Bb5+ 39. Kc3 Kf5 40. Kd2 Ke4 41. Ke1 Kf3 42. a4 Bxa4 43. Kf1
Bb5+ 44. Kg1 h5 45. h3 e4 46. h4 f5 47. Kh2 Kxf2 48. Kh1 e3 49. Kh2 e2 50.
Kh3 e1=Q 51. Kh2 Qg1+ 52. Kh3 Qg3# {White checkmated} 0-1

[Event "ICC tourney 1954 (60 10)"]
[Site "Internet Chess Club"]
[Date "2020.08.08"]
[Round "5"]
[White "DiamondUnicorn"]
[Black "thihansa"]
[Result "0-1"]
[ICCResult "White resigns"]
[WhiteElo "523"]
[BlackElo "1136"]
[Opening "French: advance, Paulsen attack"]
[ECO "C02"]
[NIC "FR.03"]
[Time "15:16:48"]
[TimeControl "3600+10"]

1. e4 e6 2. d4 d5 3. e5 c5 4. c3 Nc6 5. Nf3 Nge7 6. Be3 Nf5 7. Be2 Be7 8.
O-O O-O 9. b3 cxd4 10. cxd4 Nxe3 11. fxe3 Bd7 12. h3 Rc8 13. a3 h6 14. Qd3
a6 15. Bd1 g6 16. Bc2 Na7 17. Nh2 Bb5 18. Qd2 Bxf1 19. Kxf1 Qb6 20. Kg1 Rc7
21. a4 Rc6 22. Qd3 Rfc8 23. Bd1 Bb4 24. Kf2 Qd8 25. Nf3 Bc3 26. Ra2 Bb4 27.
Kg1 Rc1 28. Rf2 R1c7 29. Nh2 Be7 30. Rf3 Bg5 31. Rg3 h5 32. Nf3 Bh6 33. Nh2
Nc6 34. Bxh5 Nb4 35. Qe2 Rc1+ 36. Kf2 R1c2 37. Nd2 Rxd2 38. Qxd2 Rc2 39.
Qxc2 Nxc2 40. Bxg6 fxg6 41. Rxg6+ Kh7 42. Rxe6 Bxe3+ 43. Kf3 Bxd4 44. Rd6
Qe7 45. Rxd5 Qf7+ 46. Ke4 Qg6+ 47. Kf4 Qh6+ 48. Ke4 Qe3+ 49. Kf5 Qg3 50.
Rd7+ Kg8 51. Ng4 Ne3+ 52. Kg6 Kf8 53. Rxd4 Nxg4 54. Rxg4 Qxe5 55. h4 Qe6+
56. Kg5 Kg7 57. Kf4+ Kf6 58. h5 Qf5+ 59. Kg3 Qxh5 60. Rb4 Qe5+ 61. Rf4+ Ke6
62. Kg4 Qg7+ 63. Kh5 Qxg2 64. Rb4 Qe2+ 65. Kh6 Qd2+ {White resigns} 0-1

[Event "ICC tourney 1954 (60 10)"]
[Site "Internet Chess Club"]
[Date "2020.08.08"]
[Round "5"]
[White "SreeVSundaram"]
[Black "OldManReid"]
[Result "1-0"]
[ICCResult "Black resigns"]
[WhiteElo "648"]
[BlackElo "1044"]
[Opening "QGD Slav defense: exchange variation"]
[ECO "D10"]
[NIC "SL.01"]
[Time "15:17:27"]
[TimeControl "3600+10"]

1. d4 d5 2. c4 c6 3. cxd5 cxd5 4. Bf4 Nc6 5. Nc3 e6 6. e3 Nf6 7. Bd3 g6 8.
Nf3 Bg7 9. O-O O-O 10. Re1 a6 11. Rc1 Bd7 12. e4 dxe4 13. Nxe4 Nd5 14. Bd6
Re8 15. Bc4 b5 16. Bb3 Nf6 17. Nc5 Bf8 18. Bxf8 Rxf8 19. a3 Qb6 20. Qd3 Rad8
21. Ne5 Nxe5 22. Rxe5 b4 23. a4 Bc6 24. Qxa6 Qxa6 25. Nxa6 Ng4 26. Rg5 Bb7
27. Nc5 Rxd4 28. Nxb7 Nf6 29. a5 Rd2 30. Rb1 Ne4 31. Rb5 Rd4 32. Ba4 Nd2 33.
Ra1 Nc4 34. Rb1 Rc8 35. a6 Ra8 36. Nc5 Rd5 37. Bb3 Rc8 38. a7 Rcd8 39. Bxc4
Rd1+ 40. Rxd1 Rxd1+ 41. Bf1 Rd8 42. Rb8 {Black resigns} 1-0

[Event "ICC tourney 1954 (60 10)"]
[Site "Internet Chess Club"]
[Date "2020.08.08"]
[Round "5"]
[White "seaglass-chess"]
[Black "janeff1110"]
[Result "0-1"]
[ICCResult "White resigns"]
[WhiteElo "1325"]
[BlackElo "1053"]
[Opening "English opening"]
[ECO "A20"]
[NIC "EO.24"]
[Time "15:17:46"]
[TimeControl "3600+10"]

1. c4 e5 2. g3 Nc6 3. Bg2 Nf6 4. d3 Bc5 5. Nf3 d6 6. Nc3 Be6 7. Rb1 O-O 8.
O-O h6 9. a3 a6 10. e3 Qd7 11. b4 Ba7 12. Qc2 Bh3 13. Rd1 Bxg2 14. Kxg2 Ne7
15. d4 Qe6 16. Ne2 c6 17. Bb2 Ng6 18. Rd2 exd4 19. Nexd4 Qe4 20. Rbd1 Qxc2
21. Nxc2 Ne4 22. Rd3 Rad8 23. a4 Rfe8 24. Nd2 Nxd2 25. R1xd2 Re6 26. f3 Rde8
27. e4 Rd8 28. c5 Bb8 29. Ne3 Ne7 30. Nf5 Nxf5 31. exf5 Ree8 32. cxd6 Rxd6
33. Rxd6 Bxd6 34. Rxd6 Re2+ 35. Kh3 Rxb2 36. Rd4 Kf8 37. Kg4 Ke7 38. Kf4
Rxh2 39. g4 Ra2 40. a5 Ra4 41. Rc4 Kf6 42. Ke3 g6 43. fxg6 fxg6 44. f4 h5
45. gxh5 gxh5 46. Kf3 Ra3+ 47. Kg2 Kf5 48. Rd4 Kg4 49. Kh2 Ra2+ 50. Kg1 Kg3
51. Rd1 Kxf4 52. Kh1 Ke3 53. Rc1 Rb2 54. Rc4 Kf3 55. Rc3+ Ke4 56. Rh3 Rxb4
57. Rxh5 Rb1+ 58. Kg2 Rb2+ 59. Kg3 Rc2 60. Rh7 Rb2 61. Rh4+ Ke3 62. Rh3 c5
63. Kg4+ Ke4 64. Kg5 c4 65. Rc3 Kd4 66. Rc1 Rb5+ 67. Kf4 Rxa5 {White
resigns} 0-1